 Dungeon Crawl Stone Soup version 0.27-a0-223-ge082b6e869 (webtiles) character file.

Game seed: 11285930828685097587

130 sahdkjhfkaj the Skirmisher (level 4, -1/42 HPs)
             Began as a Palentonga Abyssal Knight on Feb 1, 2021.
             Was a Believer of Lugonu.
             Slain by an ice beast (3 damage)
             ... on level 3 of the Dungeon.
             The game lasted 00:02:35 (2933 turns).

sahdkjhfkaj the Skirmisher (PaAK)                   Turns: 2933, Time: 00:02:36

Health: -1/42      AC:  5    Str: 17    XL:     4   Next: 90%
Magic:  5/5        EV:  4    Int: 12    God:    Lugonu [**....]
Gold:   164        SH: 11    Dex:  9    Spells: 3/3 levels left

rFire    . . .     SeeInvis +   a - +1 hand axe
rCold    . . .     Faith    .   o - +0 tower shield
rNeg     . . .     Spirit   .   b - +0 leather armour
rPois    .         Reflect  .   l - -2 helmet (curse)
rElec    .         Harm     .   j - +0 cloak
rCorr    .         Rampage  .   f - +0 pair of gloves
Will     .....                  (no barding)
Stlth    +.........             (no amulet)
HPRegen  0.14/turn              (no ring)
MPRegen  0.09/turn              (no ring)

@: no status effects
A: large, rugged brown scales 3, see invisible, deformed body, roll 1, armoured
tail
a: Rolling Charge, Renounce Religion, Depart the Abyss, Bend Space


You were on level 3 of the Dungeon.
You worshipped Lugonu.
Lugonu was pleased with you.
You visited 1 branch of the dungeon, and saw 3 of its levels.
You visited the Abyss 1 time.

You collected 164 gold pieces.

Inventory:

Hand Weapons
 a - a +1 hand axe (weapon)
Armour
 b - a +0 leather armour (worn)
 f - a +0 pair of gloves (worn)
   (You found it on level 2 of the Dungeon)
 j - a +0 cloak (worn)
   (You found it on level 2 of the Dungeon)
 l - a cursed -2 helmet (worn)
   (You found it on level 2 of the Dungeon)
 o - a +0 tower shield (worn)
   (You found it on level 3 of the Dungeon)
Scrolls
 c - 3 scrolls of remove curse {@r2}
 e - a scroll of fog {unknown}
 i - 4 scrolls of amnesia
 k - 2 scrolls of blinking {unknown}
 m - a scroll of immolation {!r}
 n - a scroll of enchant weapon {unknown}
 t - a scroll of enchant armour {unknown}
Potions
 d - a potion of berserk rage {unknown}
 g - a potion of might {unknown}
 h - a potion of lignification {unknown}
 p - a potion of magic {unknown}
 r - a potion of brilliance
 s - 2 potions of degeneration {unknown}


   Skills:
 - Level 3.9 Fighting
 - Level 3.9 Axes
 - Level 1.5 Armour
 - Level 0.7 Dodging
 + Level 1.3 Shields
 - Level 2.0 Invocations


You had 3 spell levels left.
You didn't know any spells.
Your spell library was empty.

Dungeon Overview and Level Annotations

Branches:
Dungeon (3/15)

Altars:
Gozag

Annotations:
D:3 3 runed translucent doors, Pooter's ghost, amateur HOFi; backslashecho's ghost, amateur HuFi; zxkuqyb's ghost, amateur MiBe


Innate Abilities, Weirdness & Mutations

You are completely covered in rugged brown scales. (AC +3, +7% HP)
You have supernaturally acute eyesight. (SInv)
Armour fits poorly on your strangely shaped body.
You can roll at nearby foes to attack.
You have a long armoured tail.


Message History

Found a scroll labelled SERUOR JEGOO.
k - 2 scrolls labelled SERUOR JEGOO (gained 1)
An ice beast is nearby!
An ice beast is nearby!
An ice beast is nearby!
An ice beast is nearby!
An ice beast is nearby!
An ice beast is nearby!
An ice beast is nearby!
An ice beast is nearby!
The ice beast hits you but does no damage.
You hit the ice beast but do no damage.
The ice beast hits you but does no damage.
The ice beast hits you. The ice beast freezes you!
You hit the ice beast. You block the ice beast's attack.
You hit the ice beast. You block the ice beast's attack.
The ice beast hits you. The ice beast freezes you.
You hit the ice beast. You tail-slap the ice beast!
The ice beast hits you but does no damage.
You hit the ice beast.
The ice beast hits you but does no damage. x2
You barely miss the ice beast.
Your tail-slap misses the ice beast.
The ice beast hits you. The ice beast freezes you!
* * * LOW HITPOINT WARNING * * *
Unknown command.
You hit the ice beast but do no damage.
Your tail-slap misses the ice beast.
You block the ice beast's attack. The ice beast hits you.
* * * LOW HITPOINT WARNING * * *
The ice beast freezes you!
* * * LOW HITPOINT WARNING * * *
Unknown command.
Unknown command.
Unknown command.
Unknown command.
Unknown command.
Unknown command.
Unknown command.
There is a stone staircase leading up here.
There is a stone staircase leading up here.
There is a stone staircase leading up here.
The ice beast hits you.
* * * LOW HITPOINT WARNING * * *
The ice beast freezes you.
* * * LOW HITPOINT WARNING * * *
The ice beast barely misses you.
You hit the ice beast. You block the ice beast's attack.
Unknown command.
Unknown command.
You hit the ice beast. The ice beast hits you.
You die...

###.#...# # #.#...# # #.....# #
###..## #####..# ############
### .......# #.......#.. ..#
#.####.# #...<...#.# #.#
.......#########.####..#.####.#
#.####..........@Y.........##.#
..# #.#####.###.####..#.#.##.#
.[# #.#####.# #.......#.#.##.#
.## #.##....# #......##....<.#
.# #.##.##.# ###########.####
.# #...<...## #.......# .#
##.r.....# ## #(##.##.#
.######.##.##.# ... # #.##.#
.......Y##.##.###.. #.##.##>#


You could see an ice beast.

Vanquished Creatures
  3 gnolls (D:3)
  3 adders
  An ooze (D:1)
  4 dart slugs
  2 orcs (D:3)
  A ball python (D:1)
  6 giant cockroaches
  6 goblins
  12 hobgoblins
  3 jackals (D:1)
  2 quokkas (D:2)
  5 bats
  2 frilled lizards (D:1)
  5 kobolds
  2 rats (D:3)
57 creatures vanquished.

Notes
Turn   | Place    | Note
-------+----------+-------------------------------------------
     0 | Abyss:1  | sahdkjhfkaj the Palentonga Abyssal Knight began the quest
                  | for the Orb.
     0 | Abyss:1  | Reached XP level 1. HP: 20/20 MP: 2/2
     0 | D:1      | Escaped the Abyss
   201 | D:1      | Reached * piety under Lugonu
   304 | D:1      | Reached XP level 2. HP: 16/27 MP: 3/3
   952 | D:1      | Reached XP level 3. HP: 33/33 MP: 4/4
  1322 | D:2      | Found an opulent altar of Gozag.
  1410 | D:2      | Reached ** piety under Lugonu
  1969 | D:3      | Reached XP level 4. HP: 38/42 MP: 5/5
  1981 | D:3      | Found a runed translucent gate.
  1981 | D:3      | Found a runed translucent gate.
  1990 | D:3      | Found a runed translucent gate.
  1990 | D:3      | Noticed Pooter's ghost (amateur HOFi)
  1990 | D:3      | Noticed zxkuqyb's ghost (amateur MiBe)
  1990 | D:3      | Noticed backslashecho's ghost (amateur HuFi)
  1998 | D:3      | Noticed an ice beast
  2459 | D:3      | Reached skill level 1 in Shields
  2927 | D:3      | HP: 1/42 [ice beast (6)]
  2933 | D:3      | Slain by an ice beast

Illustrated notes

Levels and vault maps discovered:
D:1:      minmay_arrival_loop, layout_basic, chequers_serial_rivers_room_b
D:2:      layout_basic, hangedman_decor_clover_reticule,
          nicolae_gozag_cash_rules_everything_around_me
D:3:      layout_loops_cross, gammafunk_ghost_cemetery

Skill      XL: |  1  2  3  4 |
---------------+-------------+-----
Axes           | 3 |  3.9
Shields        | 1 |  1.3
Fighting       | |  3.9
Armour         | |  1.5
Dodging        | |  0.7
Invocations    | |  2.0

Action                   |  1- 3 |  4- 6 || total
-------------------------+-------+-------++-------
Melee: Hand axe          |   108 |    56 ||   164
       Tailslap          |     6 |     6 ||    12
Invok: Depart the Abyss  |     1 |       ||     1
 Abil: Rolling Charge    |     2 |     3 ||     5
  Use: Scroll            |     4 |     2 ||     6
Armor: Leather armour    |    26 |    18 ||    44
Dodge: Dodged            |    47 |    11 ||    58
Block: Tower shield      |       |    27 ||    27

Table legend: (Time is in decaauts)
 A = Elapsed time spent in this place.
 B = Non-inter-level travel time spent in this place.
 C = Inter-level travel time spent in this place.
 D = Time resting spent in this place.
 E = Time spent auto-exploring this place.
 F = Levels seen in this place.
 G = Mean time per level.
                   A        B        C        D        E       F      G
               +--------+--------+--------+--------+--------+-----+--------+
         Total |   2977 |   2910 |     67 |      0 |   2439 |   4 |  744.2 |
       Dungeon |   2977 |   2910 |     67 |      0 |   2439 |   3 |  992.3 |
         Abyss |      0 |      0 |      0 |      0 |      0 |   1 |    0.0 |
               +--------+--------+--------+--------+--------+-----+--------+

Top non-repeatable levels by time:
     D:1: 1310 daAuts
     D:2: 879 daAuts
     D:3: 786 daAuts
